 Dungeon Crawl Stone Soup version 0.32-a0-841-g4648e6c457 (webtiles) character file.

Game seed: 9043559091078527341

594 shadizar the Magician (level 7, -3/52 HPs)
             Began as a Djinni Conjurer on Mar 26, 2024.
             Slain by an ice beast (16 damage)
             ... on level 5 of the Dungeon.
             The game lasted 00:02:44 (3885 turns).

shadizar the Magician (Djinni Conjurer)             Turns: 3885, Time: 00:02:44

Health: -3/52      AC:  2    Str:  6    XL:     7   Next: 67%
Gold:   209        EV: 11    Int: 22    God:
                   SH:  0    Dex: 11

rFire   + + .        (no weapon)
rCold   x . .        (no shield)
rNeg    . . .        a - +0 robe
rPois   ∞            (no helmet)
rElec   .            (no cloak)
rCorr   .            (no gloves)
SInv    .            (boots unavailable)
Will    .....        (no amulet)
Stlth   ++           (no ring)
HPRegen 0.28/turn    (no ring)
MPRegen 0.00/turn

%: infuse magic (-4 HP)
@: flying
A: sickness immunity, fire resistance 2, cold vulnerability 1, float, innate
caster, HP casting, extra vitality 1
a: no special abilities


You were on level 5 of the Dungeon.
You visited 1 branch of the dungeon, and saw 5 of its levels.

You collected 209 gold pieces.

Inventory:

Missiles
 y - 3 throwing nets
Armour
 a - a +0 robe (worn)
Jewellery
 c - a ring of resist corrosion
 u - a ring of protection from cold
 x - a +5 ring of evasion
Wands
 o - a wand of light (4)
Scrolls
 b - 3 scrolls of amnesia {unknown}
 e - 2 scrolls of vulnerability {unknown}
 g - a scroll of enchant armour {unknown}
 h - 7 scrolls of identify {unknown}
 j - a scroll of enchant weapon {unknown}
 k - a scroll of acquirement {unknown}
 m - a scroll of revelation {unknown}
 p - a scroll of noise {unknown}
 r - 2 scrolls of teleportation {unknown}
 s - a scroll of fear {unknown}
 w - a scroll of blinking {unknown}
Potions
 d - a potion of haste {unknown}
 f - a potion of curing {unknown}
 i - 2 potions of invisibility {unknown}
 l - 2 potions of attraction {unknown}
 n - a potion of lignification {unknown}
 q - 3 potions of heal wounds {unknown}
 t - a potion of brilliance {unknown}
 v - a potion of cancellation {unknown}
 z - a potion of magic {unknown}


   Skills:
 + Level 4.0 Fighting
 - Level 2.1 Dodging
 - Level 1.5 Stealth
 * Level 6.1 Spellcasting
 * Level 6.1 Conjurations
 * Level 6.1 Hexes
   Level 0.0 Charms
 * Level 6.1 Summonings
 * Level 6.1 Necromancy
 * Level 6.1 Translocations
   Level 0.0 Transmutations
 * Level 6.1 Fire Magic
 * Level 6.1 Ice Magic
 * Level 6.1 Air Magic
 * Level 6.1 Earth Magic
 * Level 6.1 Alchemy


You knew the following spells:

 Your Spells              Type           Power      Damage    Failure   Level
a - Magic Dart            Conj           100%       1d8       1%          1
b - Searing Ray           Conj           66%        2d6       1%          2
c - Fulminant Prism       Conj/Alch      16%        3d10      7%          4
d - Iskenderun's Mystic   Conj/Tloc      33%        2d8       7%          4
e - Necrotise             Necr           100%       1d9       1%          1
f - Lesser Beckoning      Tloc           66%        N/A       1%          2
g - Momentum Strike       Conj/Tloc      66%        3d9       1%          2
Your spell library was empty.

Dungeon Overview and Level Annotations

Branches:
Dungeon (5/15)
 Temple: D:4-7

Altars:
Trog
Yredelemnul
Zin


Innate Abilities, Weirdness & Mutations

You are immune to sickness and miasma.
You are immune to poison.
Your flesh is very heat resistant. (rF++)
You are vulnerable to cold. (rC-)
You float through the air rather than walking.
You learn spells naturally, not from books.
Your magical power is your life essence.
You have superior vitality. (+4 MHP)


Message History

Unknown command.
Casting: Magic Dart (safe; 1% risk of failure)
Confirm with . or Enter, or press ? or * to list all spells.
You erupt in a blast of force!
The mystic blast hits the ice beast!
The ice beast is heavily wounded.
The ice beast is knocked back by the mystic blast.
* * * LOW HITPOINT WARNING * * *
Unknown command.
Unknown command.
Unknown command.
Unknown command.
Unknown command.
Casting: Iskenderun's Mystic Blast (dangerous; 7% risk of failure)
Confirm with . or Enter, or press ? or * to list all spells.
You erupt in a blast of force!
The mystic blast hits the phantom.
The phantom is moderately damaged.
The phantom is knocked back by the mystic blast.
The mystic blast hits the ice beast!
The ice beast is severely wounded.
The ice beast is knocked back by the mystic blast.
* * * LOW HITPOINT WARNING * * *
Unknown command.
Unknown command.
Unknown command.
Unknown command.
Unknown command.
Unknown command.
Unknown command.
There is an open door here.
There is an open door here.
You see here a jackal corpse.
There is an escape hatch in the ceiling here.
The phantom hits you.
The phantom blinks!
You blink.
You can't go up here!
The phantom attacks as it pursues you! The phantom hits you.
You see here a +0 sling.
The ice beast hits you.
* * * LOW HITPOINT WARNING * * *
The ice beast freezes you!
You feel a terrible chill!
You die...

###### #....##########
#.............#
#.............#
#..@)W......>.#
#...Y.........#
#######.............##
#.....##+###†####....#
#...............#....#
#...............#....#
#...............#....#
#.....[..##.....#.<..#
#........##.....#....#


You could see an ice beast and a phantom.

Vanquished Creatures
  Grinder (D:3)
  An ogre (D:3)
  A hound (D:3)
  A jelly (D:5)
  A gnoll bouda (D:5)
  An iguana (D:4)
  An orc wizard (D:3)
  6 gnolls
  2 adders
  A ribbon worm (D:2)
  A dart slug (D:3)
  16 orcs
  5 bats
  8 endoplasms
  3 giant cockroaches
  7 goblins
  7 hobgoblins
  2 jackals (D:5)
  6 kobolds
  A quokka (D:3)
  3 ball pythons
  A frilled lizard (D:2)
  5 rats
81 creatures vanquished.

Vanquished Creatures (others)
  A fulminant prism (D:3)
1 creature vanquished.

Grand Total: 82 creatures vanquished

Notes
Turn   | Place    | Note
-------+----------+-------------------------------------------
     0 | D:1      | shadizar the Djinni Conjurer began the quest for the Orb.
     0 | D:1      | shadizar set off with the following spells memorised: Magic
                  | Dart, Searing Ray, Fulminant Prism, Iskenderun's Mystic
                  | Blast.
     0 | D:1      | Reached XP level 1. HP: 15/15 MP: 0/0
   159 | D:1      | Reached XP level 2. HP: 19/22 MP: 0/0
   475 | D:1      | Reached skill level 1 in Fighting
   935 | D:2      | Reached XP level 3. HP: 26/27 MP: 0/0
   935 | D:2      | Learned a level 1 spell: Necrotise
  1011 | D:2      | Reached XP level 4. HP: 22/33 MP: 0/0
  1682 | D:3      | Found a faded altar of an unknown god.
  1688 | D:3      | Found a glowing silver altar of Zin.
  1690 | D:3      | Found a bloodstained altar of Trog.
  1712 | D:3      | Reached XP level 5. HP: 33/38 MP: 0/0
  1712 | D:3      | Learned a level 2 spell: Lesser Beckoning
  1807 | D:3      | Noticed an ogre
  1812 | D:3      | Killed an ogre
  1813 | D:3      | Reached skill level 5 in Spellcasting
  1813 | D:3      | Reached skill level 5 in Conjurations
  1813 | D:3      | Reached skill level 5 in Hexes
  1813 | D:3      | Reached skill level 5 in Summonings
  1813 | D:3      | Reached skill level 5 in Necromancy
  1813 | D:3      | Reached skill level 5 in Translocations
  1813 | D:3      | Reached skill level 5 in Fire Magic
  1813 | D:3      | Reached skill level 5 in Ice Magic
  1813 | D:3      | Reached skill level 5 in Air Magic
  1813 | D:3      | Reached skill level 5 in Earth Magic
  1813 | D:3      | Reached skill level 5 in Alchemy
  1813 | D:3      | Reached XP level 6. HP: 38/45 MP: 0/0
  2248 | D:3      | Noticed Grinder
  2251 | D:3      | Paralysed by Grinder for 3 turns
  2259 | D:3      | Killed Grinder
  2260 | D:3      | Reached XP level 7. HP: 32/50 MP: 0/0
  2260 | D:3      | Learned a level 2 spell: Momentum Strike
  2474 | D:4      | Identified the +6 hand axe "Tormentor" {elec, rElec Dex+3
                  | Stlth+}
  2844 | D:4      | Found a basalt altar of Yredelemnul.
  3508 | D:5      | Entered Level 5 of the Dungeon
  3885 | D:5      | Slain by an ice beast

Illustrated notes

Levels and vault maps discovered:
D:1:      heliophobic_arrival_glass_houses, layout_basic
D:2:      layout_loops_ring
D:3:      layout_basic, nicolae_overflow_squiral, serial_corexii_hall,
          corexii_hall_statues_t, corexii_hall_statues_x,
          chequers_ecumenical_altar_island, uniq_grinder
D:4:      layout_basic, lemuel_coloured_pillars_altar
D:5:      layout_gridville, small_statue_intersection

Skill      XL: |  1  2  3  4  5  6  7 |
---------------+----------------------+-----
Fighting       | 1 2 3 4 |  4.0
Spellcasting   | 4 5 6 |  6.1
Conjurations   | 4 5 6 |  6.1
Hexes          | 4 5 6 |  6.1
Summonings     | 4 5 6 |  6.1
Necromancy     | 4 5 6 |  6.1
Translocations | 4 5 6 |  6.1
Fire Magic     | 4 5 6 |  6.1
Ice Magic      | 4 5 6 |  6.1
Air Magic      | 4 5 6 |  6.1
Earth Magic    | 4 5 6 |  6.1
Alchemy        | 4 5 6 |  6.1
Dodging        | |  2.1
Stealth        | |  1.5

Action                     |  1- 3 |  4- 6 |  7- 9 || total
---------------------------+-------+-------+-------++-------
   Cast: Magic Dart        |    58 |    82 |    68 ||   208
         Searing Ray       |       |     2 |     2 ||     4
         Iskenderun's Myst |       |     1 |     5 ||     6
         Fulminant Prism   |       |     1 |       ||     1
 Armour: Robe              |     1 |     9 |    13 ||    23
  Dodge: Dodged            |     2 |     6 |    13 ||    21

Table legend: (Time is in decaauts)
 A = Elapsed time spent in this place.
 B = Non-inter-level travel time spent in this place.
 C = Inter-level travel time spent in this place.
 D = Time resting spent in this place.
 E = Time spent auto-exploring this place.
 F = Levels seen in this place.
 G = Mean time per level.
                   A        B        C        D        E       F      G
               +--------+--------+--------+--------+--------+-----+--------+
         Total |   3884 |   3726 |    158 |      0 |   3308 |   5 |  776.8 |
       Dungeon |   3884 |   3726 |    158 |      0 |   3308 |   5 |  776.8 |
               +--------+--------+--------+--------+--------+-----+--------+

Top non-repeatable levels by time:
     D:4: 1105 daAuts
     D:1: 897 daAuts
     D:2: 756 daAuts
     D:3: 747 daAuts
     D:5: 376 daAuts
